 Seeded DCSS version 0.27.1-34-g3ba077fa99 (webtiles) character file.

Game seed: 74894893043 (custom seed)

89 lonewolfV2 the Shield-Bearer (level 4, -1/40 HPs)
             Began as a Minotaur Fighter on Jan 6, 2022.
             Slain by Grinder (4 damage)
             ... on level 3 of the Dungeon.
             The game lasted 00:03:13 (2071 turns).

lonewolfV2 the Shield-Bearer (Minotaur Fighter)     Turns: 2071, Time: 00:03:13

Health: -1/40      AC: 18    Str: 22    XL:     4   Next: 31%
Magic:  3/3        EV:  8    Int:  5    God:
Gold:   120        SH:  9    Dex:  9    Spells: 3/3 levels left

rFire    . . .     SeeInvis .   a - +0 trident
rCold    . . .     Faith    .   c - +0 kite shield
rNeg     . . .     Spirit   .   k - +4 scale mail
rPois    +         Reflect  .   (helmet restricted)
rElec    .         Harm     .   i - +2 cloak
rCorr    .         Rampage  .   (no gloves)
Will     .....                  (no boots)
Stlth    ..........             (no amulet)
HPRegen  0.13/turn              g - +4 ring of protection
MPRegen  0.08/turn              e - ring of poison resistance

@: no status effects
A: horns 2, retaliatory headbutt
a: no special abilities


You were on level 3 of the Dungeon.
You visited 1 branch of the dungeon, and saw 3 of its levels.

You collected 120 gold pieces.

Inventory:

Hand Weapons
 a - a +0 trident (weapon)
Armour
 b - a +0 scale mail
 c - a +0 kite shield (worn)
 i - a +2 cloak (worn)
 k - a +4 scale mail (worn)
Jewellery
 e - a ring of poison resistance (right hand)
 g - a +4 ring of protection (left hand)
Scrolls
 j - a scroll of teleportation
 m - a scroll of identify
Potions
 d - a potion of might
 f - a potion of haste {unknown}
 h - a potion of curing
 l - a potion of lignification {unknown}


   Skills:
 + Level 4.1 Fighting
 + Level 3.7 Polearms
 + Level 4.1 Armour
 + Level 1.3 Dodging
 + Level 4.3 Shields


You had 3 spell levels left.
You didn't know any spells.
Your spell library contained the following spells:

 Spells                   Type           Power      Damage    Failure   Level
 Beastly Appendage        Tmut           0%         N/A       99%         1
 Freeze                   Ice            0%         1d3       99%         1
 Wereblood                Tmut           0%         N/A       100%        2
 Frozen Ramparts          Ice            0%         1d2       100%        3
 Spider Form              Tmut/Pois      0%         N/A       100%        3
 Hailstorm                Conj/Ice       0%         3d3       100%        4


Dungeon Overview and Level Annotations

Branches:
Dungeon (3/15)

Altars:

Annotations:
D:3 Grinder


Innate Abilities, Weirdness & Mutations

You have a pair of horns on your head.
You reflexively headbutt those who attack you in melee.


Message History

You can move again.
You closely miss Grinder. You block Grinder's attack.
You hit Grinder.
Grinder is lightly wounded.
Grinder blinks!
Unknown command.
You puncture Grinder!
Grinder is moderately wounded.
Grinder hits you but does no damage.
You hit Grinder but do no damage. Your headbutt misses Grinder.
Grinder is moderately wounded.
Grinder blinks!
You block Grinder's attack.
You hit Grinder.
Grinder is heavily wounded.
Grinder hits you but does no damage.
You barely miss Grinder.
Grinder is heavily wounded.
Grinder closely misses you. You block Grinder's attack.
You completely miss Grinder.
Grinder is heavily wounded.
Grinder blinks!
Grinder says, "You look like you could use a good racking."
You block Grinder's attack.
You puncture Grinder!
Grinder is severely wounded.
Grinder hits you.
Grinder blinks!
Grinder blinks!
Things that are here:
a +0 dagger; a kobold corpse Grinder says, "I used to sell toenails on the black market."
You puncture Grinder!
Grinder is almost dead.
Grinder gestures at you. Pain shoots through your body!
* * * LOW HITPOINT WARNING * * *
Grinder hits you.
* * * LOW HITPOINT WARNING * * *
You writhe in agony.
You die...

#.............#
...
#####....##'#.# .
#....##.#.#
#....##.#.#
########'#+##
.........!..#
.........)..# .
............###.#
.......@........#
.......5.....####
.............####
.................
............####.
............+
............#
............+
..........#


You could see Grinder.

Vanquished Creatures
  3 adders
  3 worms
  5 bats
  6 endoplasms
  A giant cockroach (D:2)
  4 goblins
  4 hobgoblins
  3 jackals (D:2)
  2 quokkas (D:2)
  4 ball pythons
  2 frilled lizards
  10 kobolds
  5 rats
52 creatures vanquished.

Notes
Turn   | Place    | Note
-------+----------+-------------------------------------------
     0 | D:1      | lonewolfV2 the Minotaur Fighter began the quest for the
                  | Orb.
     0 | D:1      | Reached XP level 1. HP: 19/19 MP: 0/0
   221 | D:1      | Reached XP level 2. HP: 27/27 MP: 1/1
   224 | D:1      | Found a faded altar of an unknown god.
   846 | D:2      | Reached skill level 1 in Dodging
   846 | D:2      | Reached XP level 3. HP: 32/33 MP: 2/2
  1651 | D:3      | Reached XP level 4. HP: 40/40 MP: 3/3
  2030 | D:3      | Noticed Grinder
  2044 | D:3      | Paralysed by Grinder for 3 turns
  2071 | D:3      | Slain by Grinder

Illustrated notes

Levels and vault maps discovered:
D:1:      nagdon_arrival_zigzag_paths, layout_basic,
          shapermc_ecumenical_altar_venn
D:2:      layout_rooms, grunt_decor_resistance
D:3:      layout_basic, uniq_grinder

Skill      XL: |  1  2  3 |
---------------+----------+-----
Polearms       | 3 |  3.7
Fighting       | 4 |  4.1
Dodging        | 1 |  1.3
Armour         | 4 |  4.1
Shields        | 4 |  4.3

Action                   |  1- 3 |  4- 6 || total
-------------------------+-------+-------++-------
Melee: Trident           |   100 |    31 ||   131
       Headbutt          |    10 |     7 ||    17
  Use: Scroll            |     3 |       ||     3
Armor: Scale mail        |    70 |    16 ||    86
       Skin              |     3 |       ||     3
Dodge: Dodged            |    33 |     5 ||    38
Block: Kite shield       |    61 |    13 ||    74
